[Event "German Bundesliga 2024-25"]
[Site "Germany"]
[Date "2024.11.30"]
[Round "3.1"]
[White "Nguyen, Thai Dai Van"]
[Black "Kollars, Dmitrij"]
[Result "0-1"]
[Annotator "ChessBase"]
[ECO "A20"]
[WhiteElo "2670"]
[BlackElo "2641"]
[PlyCount "78"]
[EventDate "2024.09.27"]
[EventType "team-tourn"]
[EventCountry "GER"]
[SourceTitle "playchess.com"]
[Source "ChessBase"]
[SourceQuality "1"]
[WhiteTeam "TU Dresden"]
[BlackTeam "Deizisau"]
[TimeControl "40/5400+30:1800+30"]

1. c4 e5 2. g3 c6 3. d4 Bb4+ 4. Bd2 Bxd2+ 5. Qxd2 d6 6. Nc3 Nf6 7. Bg2 O-O 8. dxe5 dxe5 9. Qxd8 Rxd8 10. Nf3 Re8 11. b4 Bf5 12. Nd2 Nbd7 13. Nb3 Rac8 14. Na5 Rc7 15. O-O Be6 16. Rfc1 Rec8 17. c5 Kf8 18. Rab1 Ke7 19. a4 b6 20. cxb6 axb6 21. Nb3 Nd5 22. Nd2 Nxc3 23. Rxc3 c5 24. a5 cxb4 25. Rxc7 Rxc7 26. axb6 Rc2 27. Nf1 b3 28. b7 Kd6 29. Ne3 Rc5 30. Be4 Rb5 31. Rd1+ Kc7 32. Rc1+ Nc5 33. Nd1 Kd6 34. Nc3 Rb4 35. Rd1+ Kc7 36. Nd5+ Bxd5 37. Bxd5 b2 38. Ba2 Na4 39. Rd5 Kxb7 0-1

[Event "German Bundesliga 2024-25"]
[Site "Germany"]
[Date "2024.11.30"]
[Round "3.1"]
[White "Saric, Ivan"]
[Black "Bogosavljevic, Boban"]
[Result "1-0"]
[Annotator "ChessBase"]
[ECO "B27"]
[WhiteElo "2668"]
[BlackElo "2480"]
[PlyCount "81"]
[EventDate "2024.09.27"]
[EventType "team-tourn"]
[EventCountry "GER"]
[SourceTitle "playchess.com"]
[Source "ChessBase"]
[SourceQuality "1"]
[WhiteTeam "Kirchweyhe"]
[BlackTeam "Deggendorf"]
[TimeControl "40/5400+30:1800+30"]

1. e4 c5 2. Nf3 g6 3. c3 d5 4. e5 Bg4 5. Bb5+ Nc6 6. O-O Bg7 7. d4 Qb6 8. Bxc6+ bxc6 9. Nbd2 cxd4 10. cxd4 Nh6 11. h3 Bxf3 12. Nxf3 O-O 13. Bf4 f6 14. Qd2 Nf5 15. e6 Rfd8 16. Rfe1 a5 17. Rac1 Nd6 18. Bxd6 Rxd6 19. Rc3 a4 20. h4 Rb8 21. Re2 Qa6 22. h5 g5 23. Qc2 Rb4 24. g4 c5 25. a3 Rb3 26. dxc5 Rxc3 27. bxc3 Rxe6 28. Rxe6 Qxe6 29. Qxa4 Qc8 30. c6 e5 31. Kf1 e4 32. Nd4 Qxg4 33. Qb3 Qh3+ 34. Ke1 Bf8 35. c7 e3 36. Qxd5+ Kh8 37. Qc6 exf2+ 38. Kxf2 Qh2+ 39. Ke1 Qg1+ 40. Kd2 Qf2+ 41. Kd1 1-0

[Event "German Bundesliga 2024-25"]
[Site "Germany"]
[Date "2024.11.30"]
[Round "3.1"]
[White "Ivic, Velimir"]
[Black "Livaic, Leon"]
[Result "1-0"]
[Annotator "ChessBase"]
[ECO "C41"]
[WhiteElo "2622"]
[BlackElo "2557"]
[PlyCount "51"]
[EventDate "2024.09.27"]
[EventType "team-tourn"]
[EventCountry "GER"]
[SourceTitle "playchess.com"]
[Source "ChessBase"]
[SourceQuality "1"]
[WhiteTeam "Werder Bremen"]
[BlackTeam "Heimbach-Weis-Neuwied"]
[TimeControl "40/5400+30:1800+30"]

1. e4 d6 2. d4 Nf6 3. Nc3 e5 4. Nf3 Nbd7 5. Rg1 c6 6. g4 h6 7. Qe2 b5 8. a3 Bb7 9. h4 g6 10. g5 hxg5 11. hxg5 Nh5 12. Be3 Qc7 13. O-O-O Be7 14. Bh3 Nb6 15. Rh1 Rd8 16. Bg4 Nc4 17. d5 Nxe3 18. fxe3 Rb8 19. Bxh5 gxh5 20. Nh4 cxd5 21. Nf5 dxe4 22. Rxh5 Rxh5 23. Qxh5 Qd7 24. Qh8+ Bf8 25. Nxd6+ Ke7 26. Qf6# 1-0

[Event "German Bundesliga 2024-25"]
[Site "Germany"]
[Date "2024.11.30"]
[Round "3.2"]
[White "Praggnanandhaa R"]
[Black "Svane, Rasmus"]
[Result "1-0"]
[Annotator "TA"]
[ECO "E29"]
[WhiteElo "2737"]
[BlackElo "2628"]
[PlyCount "69"]
[EventDate "2024.09.27"]
[EventType "team-tourn"]
[EventCountry "GER"]
[SourceTitle "playchess.com"]
[Source "ChessBase"]
[SourceQuality "1"]
[WhiteTeam "Duesseldorf"]
[BlackTeam "Hamburg"]
[TimeControl "40/5400+30:1800+30"]

1. d4 Nf6 2. c4 e6 3. Nc3 Bb4 4. e3 O-O 5. a3 Bxc3+ 6. bxc3 d6 7. f3 c5 8. Bd3 e5 9. Ne2 Nc6 10. O-O Ne8 11. e4 cxd4 12. cxd4 exd4 {[%emt 0:00:39] The position is equal.} 13. Bb2 Qb6 14. Rb1 {[%emt 0:01:37][%cal Ob2d4][%mdl 1024] White has compensation.} Qc5 15. Rf2 Nc7 16. Bc2 $1 Ne6 17. f4 f6 18. Ba1 Qxa3 19. Rf3 (19. Bxd4 Ncxd4 20. Nxd4 Nxd4 21. Qxd4 Be6 $16) (19. Nxd4 Ncxd4 20. Bxd4 Nxd4 21. Qxd4 Be6 $16) ({White should try} 19. f5 $1 $14 Ned8 20. Nxd4 (20. Bxd4 Nxd4 21. Qxd4 Kh8 $15)) 19... Qa5 (19... Qc5 $15 {is more appropriate.} 20. Rf2 Nb4 (20... Qxc4 $2 {perishes.} 21. Bb3 $18)) 20. Rb5 (20. f5 $11 {keeps the balance.} Nc5 21. Nxd4) 20... Qc7 $17 21. Rg3 Qf7 {[%emt 0:06:44] Prevents Rh5.} (21... b6 $17 {Threatens to win with ...Ba6.} 22. Rh5 Nb4) 22. Bb1 (22. Bb2 $11) 22... b6 (22... Kh8 $5 23. Rd5 Rd8 $15) 23. Rd5 Rd8 (23... Bb7 $5) 24. f5 $36 {[%emt 0:03:07][%mdl 2048] White fights for an advantage.} Nc7 25. Nf4 $1 Rd7 {[%emt 0:01:57] [#]} ({Better is} 25... Nxd5 $15 26. exd5 Ne5) 26. Nh5 $1 $11 Qf8 27. Rxd4 {[%emt 0:00:14][%cal Oh5g7] Nxg7! is the strong threat.} Kh8 {[%emt 0:03:04] Black cannot hold the game after this.} ({Black should play} 27... Bb7 $14) 28. Rd2 $18 Ne5 {[%emt 0:00:23] [#]} 29. Nf4 $1 Qe8 30. Rxd6 Qe7 $2 {[%emt 0:00:15] [#] Prevents c5.} (30... Nf7) 31. c5 $1 bxc5 (31... Qf7 32. Bxe5) 32. Bxe5 {[%emt 0:00:32][%cal Of4g6] White wants to mate with Ng6+!} fxe5 {[%emt 0:00:15] [#]} 33. Ng6+ $1 {[%emt 0:00:08][%mdl 512] White mates.} hxg6 34. Rh3+ Kg8 35. Ba2+ {[%emt 0:00:07] Weighted Error Value: White=0.17 (very precise) /Black=0.63.  Loses game:     	---       	Black=1      Mistake:       	White=3     	Black=4      Inaccurate:     	White=1     	Black=6      OK:         	White=9     	Black=4      Best:        	White=2     	---        Strong:       	White=3     	---} 1-0

[Event "German Bundesliga 2024-25"]
[Site "Germany"]
[Date "2024.11.30"]
[Round "3.2"]
[White "Bluebaum, Matthias"]
[Black "Bartel, Mateusz"]
[Result "0-1"]
[Annotator "RC"]
[ECO "E14"]
[WhiteElo "2654"]
[BlackElo "2613"]
[PlyCount "206"]
[EventDate "2024.09.27"]
[EventType "team-tourn"]
[EventCountry "GER"]
[SourceTitle "playchess.com"]
[Source "ChessBase"]
[SourceQuality "1"]
[WhiteTeam "Deizisau"]
[BlackTeam "TU Dresden"]
[TimeControl "40/5400+30:1800+30"]

1. Nf3 c5 2. c4 b6 3. Nc3 Bb7 4. e3 Nf6 5. d4 cxd4 6. exd4 e6 7. Bd3 Be7 8. O-O O-O 9. d5 Na6 10. Bf4 Nh5 11. Be3 Nf6 12. Bf4 Nh5 13. Be3 Nf6 14. Be2 Bb4 15. Bg5 h6 16. Bh4 Bxc3 17. bxc3 Nc5 18. Nd4 g5 19. Bg3 Nfe4 20. Bf3 Qf6 21. Qc2 exd5 22. cxd5 Bxd5 23. Rad1 Rae8 24. Rfe1 Bb7 25. Bg4 Bc6 26. Re3 Ba4 27. Nb3 Nxg3 28. Rxg3 Re5 29. Rf1 Qf4 30. c4 Ne4 31. Re3 Qxg4 32. f3 Qf4 33. Rfe1 Rfe8 34. fxe4 Qg4 35. Qd3 Bc6 36. h3 Qf4 37. Nd2 R5e6 38. Rf1 Qd6 39. Qe2 Qd4 40. Nb3 Qg7 41. Nd2 Rf6 42. Rxf6 Qxf6 43. e5 Qf5 44. Nf1 Qe6 45. a3 Kf8 46. Qd3 f5 47. exf6 Qxf6 48. Rxe8+ Kxe8 49. Ne3 Kd8 50. Nc2 Qb2 51. Ne3 Kc7 52. Nd5+ Kb7 53. Kh2 Qe5+ 54. Kg1 h5 55. Nb4 h4 56. Nc2 Qb2 57. Ne3 a5 58. Nd5 Qe5 59. Kf1 b5 60. Ne3 Qb2 61. Ke1 b4 62. axb4 axb4 63. Nf5 Qxg2 64. Qe3 Ka6 65. Qc5 Qe4+ 66. Kd2 Qf4+ 67. Ke1 Qc1+ 68. Ke2 Qc2+ 69. Ke3 Qc3+ 70. Ke2 b3 71. Nd4 Qxh3 72. Nb5 Qe6+ 73. Kd2 Bxb5 74. Qxb5+ Ka7 75. Qa4+ Kb7 76. Qxb3+ Kc7 77. Qb5 Qd6+ 78. Ke2 Qf4 79. c5 Kd8 80. c6 Qe4+ 81. Kf2 Qc2+ 82. Kf1 Qc1+ 83. Ke2 Qc2+ 84. Kf1 Qd1+ 85. Kg2 Qg4+ 86. Kf2 Qd4+ 87. Ke2 Qe4+ 88. Kf2 dxc6 89. Qxg5+ Kc7 90. Qc5 Kd7 91. Qh5 Kd6 92. Qh6+ Kd5 93. Qg5+ Kc4 94. Qa5 Qd4+ 95. Kf1 Kb3 96. Qa8 Qd3+ 97. Kg2 c5 98. Qb7+ Kc2 99. Qe7 Qg3+ 100. Kh1 Qf3+ 101. Kh2 Qf4+ 102. Kg2 c4 103. Qb4 Qd2+ 0-1

[Event "German Bundesliga 2024-25"]
[Site "Germany"]
[Date "2024.11.30"]
[Round "3.2"]
[White "Polak, Tomas"]
[Black "Areshchenko, Alexander"]
[Result "0-1"]
[Annotator "RC"]
[ECO "D85"]
[WhiteElo "2470"]
[BlackElo "2606"]
[PlyCount "62"]
[EventDate "2024.09.27"]
[EventType "team-tourn"]
[EventCountry "GER"]
[SourceTitle "playchess.com"]
[Source "ChessBase"]
[SourceQuality "1"]
[WhiteTeam "Heimbach-Weis-Neuwied"]
[BlackTeam "Werder Bremen"]
[TimeControl "40/5400+30:1800+30"]

1. d4 Nf6 2. c4 g6 3. Nc3 d5 4. cxd5 Nxd5 5. e4 Nxc3 6. bxc3 Bg7 7. Be3 c5 8. Rc1 Qa5 9. Qd2 cxd4 10. cxd4 Qxd2+ 11. Bxd2 O-O 12. Nf3 Bg4 13. Be3 Nc6 14. d5 Bxf3 15. gxf3 Nd4 16. Bh3 f5 17. Rc7 Nxf3+ 18. Ke2 Nd4+ 19. Kd3 fxe4+ 20. Kxe4 Nf5 21. Bxf5 gxf5+ 22. Kf3 Bf6 23. Rxb7 Rfd8 24. Rd1 a5 25. Kf4 a4 26. Kxf5 Ra5 27. Ke4 a3 28. Rd3 Ra4+ 29. Kf3 Rh4 30. Bf4 e5 31. Bxe5 Bxe5 0-1

[Event "German Bundesliga 2024-25"]
[Site "Germany"]
[Date "2024.11.30"]
[Round "3.2"]
[White "Delchev, Aleksander"]
[Black "Brkic, Ante"]
[Result "1/2-1/2"]
[Annotator "TA"]
[ECO "B51"]
[WhiteElo "2464"]
[BlackElo "2608"]
[PlyCount "43"]
[EventDate "2024.09.27"]
[EventType "team-tourn"]
[EventCountry "GER"]
[SourceTitle "playchess.com"]
[Source "ChessBase"]
[SourceQuality "1"]
[WhiteTeam "Deggendorf"]
[BlackTeam "Kirchweyhe"]
[TimeControl "40/5400+30:1800+30"]

1. e4 c5 2. Nf3 d6 3. Bb5+ Nd7 4. c3 Ngf6 5. Qe2 a6 6. Ba4 b5 7. Bc2 Bb7 8. d4 e6 9. a4 bxa4 {[%emt 0:08:45] The position is equal.} 10. d5 exd5 11. exd5+ (11. Bxa4 $2 dxe4 12. O-O Be7 $17) 11... Qe7 12. Qxe7+ ({Of course not} 12. Rxa4 Nb6 $17 (12... Nxd5 $2 {is the wrong capture.} 13. Re4 $18) (12... Bxd5 13. Be3 $15) (12... Qxe2+ 13. Kxe2 Be7 14. Re1 $15)) 12... Bxe7 13. c4 Nb6 14. Bxa4+ Nxa4 15. Rxa4 O-O 16. O-O Bc8 17. b3 Re8 18. Re1 Bd7 19. Ra2 a5 20. Bf4 Bf8 21. Rxe8 Nxe8 22. Nc3 {[%emt 0:10:55] A rather calm draw.   Weighted Error Value: White=0.02 (flawless) /Black=0.07 (flawless) .  Inaccurate:     	---       	Black=1      OK:         	White=6     	Black=6      Best:        	White=1     	---} 1/2-1/2

[Event "German Bundesliga 2024-25"]
[Site "Germany"]
[Date "2024.11.30"]
[Round "3.3"]
[White "Huschenbeth, Niclas"]
[Black "Wei, Yi"]
[Result "1/2-1/2"]
[Annotator "TA"]
[ECO "B95"]
[WhiteElo "2594"]
[BlackElo "2753"]
[PlyCount "104"]
[EventDate "2024.09.27"]
[EventType "team-tourn"]
[EventCountry "GER"]
[SourceTitle "playchess.com"]
[Source "ChessBase"]
[SourceQuality "1"]
[WhiteTeam "Hamburg"]
[BlackTeam "Duesseldorf"]
[TimeControl "40/5400+30:1800+30"]

1. e4 c5 2. Nf3 d6 3. d4 cxd4 4. Nxd4 Nf6 5. Nc3 a6 6. Bg5 e6 7. Qf3 h6 {[%emt 0:07:05] B95: Sicilian Najdorf: 6 Bg5 e6, unusual White 7th moves.} 8. Bd2 {[%emt 0:00:13] Nowadays more popular than 8.Be3.} Qb6 9. Nb3 Qc7 10. a4 b6 11. Qg3 Bb7 $146 ({Predecessor:} 11... Nc6 12. Bd3 g6 13. f4 Bg7 14. O-O O-O 15. Be3 Bb7 16. Qf2 Nd7 17. Rad1 Nb4 {½-½ Fenes,L (2532)-Lanc,A (2422) SVK-ch23 fin email 2017}) 12. f3 Nc6 13. O-O-O Nb4 14. Kb1 Rc8 15. Be3 Nd7 (15... h5 $1 $14) 16. Rd2 $16 h5 17. h4 g6 18. Be2 Be7 (18... d5 $16 19. Qxc7 Rxc7) 19. Bg5 ({White should try} 19. Bf4 $18) 19... d5 $14 20. Qxc7 Rxc7 21. exd5 Nxd5 22. Nxd5 exd5 23. a5 b5 24. Re1 Bxg5 25. hxg5 Kd8 26. Bd3 Re8 27. Rxe8+ Kxe8 28. Re2+ Kd8 29. Nd4 Nf8 30. c3 Re7 31. Kc2 Rxe2+ 32. Bxe2 ({Much worse is} 32. Nxe2 Ne6 $15) 32... Ke7 33. Kd3 Bc8 34. g3 Kd6 35. f4 Bh3 36. Bf3 Nd7 37. b4 Nf8 38. Ke3 Ne6 39. Be2 Ng7 40. Bd3 Bg4 41. Bc2 Bh3 42. Nf3 Bf5 43. Bb3 Be6 44. Nd4 Bg4 45. Bc2 Bh3 $1 46. Bd3 Bg4 47. Bf1 Bf5 48. Nf3 Ne6 49. Bd3 (49. Kf2 $1 $14) 49... Bxd3 $11 50. Kxd3 Ng7 $2 (50... Nd8 $11) 51. Nd4 $2 ({White has to play} 51. Ne5 $18) 51... Kd7 $11 52. Ke3 Nf5+ 1/2-1/2

[Event "German Bundesliga 2024-25"]
[Site "Germany"]
[Date "2024.11.30"]
[Round "3.3"]
[White "Efimenko, Zahar"]
[Black "Zilka, Stepan"]
[Result "1-0"]
[Annotator "TA"]
[ECO "C77"]
[WhiteElo "2567"]
[BlackElo "2539"]
[PlyCount "57"]
[EventDate "2024.09.27"]
[EventType "team-tourn"]
[EventCountry "GER"]
[SourceTitle "playchess.com"]
[Source "ChessBase"]
[SourceQuality "1"]
[WhiteTeam "Werder Bremen"]
[BlackTeam "Heimbach-Weis-Neuwied"]
[TimeControl "40/5400+30:1800+30"]

1. e4 e5 2. Nf3 Nc6 3. Bb5 a6 4. Ba4 Nf6 5. Nc3 b5 6. Bb3 Bc5 7. O-O d6 8. Nd5 Na5 9. d4 Nxb3 {[%emt 0:03:18] White is slightly better.} 10. axb3 Nxd5 $1 11. exd5 exd4 12. Re1+ Kf8 13. Nxd4 Qf6 14. Be3 {[%emt 0:02:57] aiming for Nxb5. Active counter play!} Bd7 15. Nf3 Bxe3 16. Rxe3 Qxb2 17. Nd4 {[%emt 0:05:28] Black must now prevent Rb1.} h5 $2 (17... Bg4 $16 18. f3 (18. Qxg4 $2 Qxa1+) 18... Bd7) 18. Rb1 $1 $18 Qa2 19. Ra1 (19. c3 $18) 19... Qb2 $16 20. h4 {[%emt 0:00:10][%mdl 1024] White has strong compensation.} Bg4 (20... Rh6 $16 {keeps fighting.}) 21. f3 $36 {[%emt 0:02:18][%mdl 2048] White is on the roll.} Bd7 {[%emt 0:00:02] [#]} 22. Rb1 ({White should try} 22. c3 $1 $16 {And now Qe1 would win.} Re8 23. Rxe8+ Bxe8 24. Qe1 (24. Rxa6 Qxc3 25. Kh1 Kg8 $11)) 22... Qa2 $2 {[%emt 0:00:09][%mdl 8192] [#]} (22... Qa3 $11) 23. Qe1 $1 {[%emt 0:00:37] Ra1 is the strong threat.} g6 24. Rd1 {[%emt 0:05:38] Strongly threatening Qc3.} (24. Ra1 Qb2 25. c3 Re8 26. Rxe8+ (26. Rxa6 Kg7 $11) 26... Bxe8 27. Rxa6 Bd7) 24... Qb2 25. Qa5 Re8 26. Rxe8+ Bxe8 27. c3 ({Less strong is} 27. Qxa6 Qc3 28. Qa1 (28. Nxb5 Bxb5 29. Qxb5 Qxc2 $11) 28... Qxa1 29. Rxa1 Ke7 $18) 27... b4 28. Qxb4 ({Inferior is} 28. Qxa6 Qxc3 29. Qa1 Bd7 $11) 28... Qa2 29. c4 {[%emt 0:04:59] Weighted Error Value: White=0.26 (precise) /Black=0.48.  Loses game:     	---       	Black=2      Mistake:       	White=2     	Black=1      Inaccurate:     	White=1     	Black=2      OK:         	White=8     	Black=4      Best:        	White=3     	Black=3      Strong:       	White=2     	Black=1} 1-0

[Event "German Bundesliga 2024-25"]
[Site "Germany"]
[Date "2024.11.30"]
[Round "3.3"]
[White "Predojevic, Borki"]
[Black "Popovic, Dusan"]
[Result "1/2-1/2"]
[Annotator "TA"]
[ECO "E94"]
[WhiteElo "2565"]
[BlackElo "2487"]
[PlyCount "56"]
[EventDate "2024.09.27"]
[EventType "team-tourn"]
[EventCountry "GER"]
[SourceTitle "playchess.com"]
[Source "ChessBase"]
[SourceQuality "1"]
[WhiteTeam "Kirchweyhe"]
[BlackTeam "Deggendorf"]
[TimeControl "40/5400+30:1800+30"]

1. d4 Nf6 2. c4 g6 3. Nc3 Bg7 4. e4 d6 5. Be2 O-O 6. Nf3 e5 7. O-O exd4 8. Nxd4 Re8 9. f3 c6 10. Kh1 d5 (10... Nfd7 $14) 11. cxd5 $16 cxd5 {[%emt 0:00:16] [#]} 12. Bg5 $1 Nc6 {[%emt 0:04:50] [#]} 13. Bb5 $1 {[%emt 0:05:56] White is more active. White is better.} h6 14. Bxf6 (14. Nxc6 {is interesting.} bxc6 15. Bxc6 hxg5 16. Bxa8 d4 17. Ne2) 14... Qxf6 {[%emt 0:01:26] White is slightly better.} 15. exd5 Qxd4 16. dxc6 Rf8 17. Qxd4 Bxd4 {[%emt 0:00:23] Black is weak on the light squares} 18. Rfd1 Be5 19. Rac1 Rb8 20. b3 bxc6 21. Bxc6 Be6 22. Bd5 Rfd8 {[%emt 0:08:49] ...Bxc3 is the strong threat.} 23. Bxe6 {[%emt 0:03:11] And now Bd7 would win.} Bxc3 24. Bc4 ({But not} 24. Bxf7+ $2 Kxf7 25. Kg1 (25. Rxd8 $2 Rxd8 26. h4 Rd3 $19) 25... Rxd1+ 26. Rxd1 Ba5 $19) 24... Rxd1+ 25. Rxd1 Re8 26. g3 {[%emt 0:01:38] Threatens to win with Rd7.} Re1+ 27. Rxe1 Bxe1 28. Kg2 Bb4 {[%emt 0:00:41] Weighted Error Value: White=0.05 (flawless) /Black=0.06 (flawless) .  Inaccurate:     	White=1     	---        OK:         	White=3     	Black=10     Best:        	White=4     	Black=1      Strong:       	White=2     	---} 1/2-1/2

[Event "German Bundesliga 2024-25"]
[Site "Germany"]
[Date "2024.11.30"]
[Round "3.3"]
[White "Vogel, Roven"]
[Black "Dardha, Daniel"]
[Result "0-1"]
[Annotator "RC"]
[ECO "A19"]
[WhiteElo "2558"]
[BlackElo "2606"]
[PlyCount "101"]
[EventDate "2024.09.27"]
[EventType "team-tourn"]
[EventCountry "GER"]
[SourceTitle "playchess.com"]
[Source "ChessBase"]
[SourceQuality "1"]
[WhiteTeam "TU Dresden"]
[BlackTeam "Deizisau"]
[TimeControl "40/5400+30:1800+30"]

1. c4 Nf6 2. Nc3 e6 3. e4 c5 4. e5 Ng8 5. Nf3 Nc6 6. d4 cxd4 7. Nxd4 Nxe5 8. Ndb5 f6 9. Be3 a6 10. Nd6+ Bxd6 11. Qxd6 Ne7 12. Bb6 Nf5 13. Qb4 Nc6 14. Qc5 d6 15. Bxd8 dxc5 16. Bb6 Ne5 17. Bxc5 Bd7 18. b3 Bc6 19. O-O-O Rc8 20. Bb6 h5 21. Rg1 g5 22. f3 Kf7 23. Be2 h4 24. Ne4 Rcg8 25. h3 Bxe4 26. fxe4 Ng3 27. Rge1 Nxe2+ 28. Rxe2 g4 29. Bc7 Nc6 30. Rd7+ Kg6 31. hxg4 Rh7 32. Red2 Rgg7 33. Rxg7+ Rxg7 34. Bf4 Kh7 35. g5 fxg5 36. Be3 g4 37. Kd1 Kg6 38. Ke2 Kf6 39. Bf4 Rf7 40. Rd1 e5 41. Be3 Ke6 42. Bc5 Rd7 43. Rh1 Rf7 44. Ke3 Kf6 45. Kf2 Nd4 46. Ra1 Rd7 47. Rf1 Kg6 48. Rh1 Kg5 49. Bb6 g3+ 50. Ke3 Kg4 51. Rd1 0-1

[Event "German Bundesliga 2024-25"]
[Site "Germany"]
[Date "2024.11.30"]
[Round "3.4"]
[White "Giri, Anish"]
[Black "Kempinski, Robert"]
[Result "1/2-1/2"]
[Annotator "TA"]
[ECO "D11"]
[WhiteElo "2733"]
[BlackElo "2560"]
[PlyCount "79"]
[EventDate "2024.09.27"]
[EventType "team-tourn"]
[EventCountry "GER"]
[SourceTitle "playchess.com"]
[Source "ChessBase"]
[SourceQuality "1"]
[WhiteTeam "Duesseldorf"]
[BlackTeam "Hamburg"]
[TimeControl "40/5400+30:1800+30"]

1. c4 c6 2. Nf3 d5 3. d4 Nf6 4. e3 Bg4 5. h3 Bxf3 6. Qxf3 e6 7. Bd3 Bb4+ 8. Nc3 Nbd7 9. O-O O-O 10. a3 Ba5 11. b4 {[%emt 0:13:02][%cal Bb2b4,Bb4b5][%mdl 32] White is slightly better.} Bc7 12. cxd5 exd5 13. b5 Re8 14. a4 Ba5 15. Bb2 Nb6 16. Rfc1 {[%emt 0:01:18] White is more active.} Rc8 17. bxc6 bxc6 18. Rc2 g6 19. Qd1 Qd7 20. Ne2 Ne4 21. Nc1 (21. Nf4 $16) 21... Qe7 22. Ba6 Rc7 (22... Rb8 $1 $14) 23. Qe2 (23. Nd3 $16) 23... Bb4 $11 {[%emt 0:04:24] Prevents Ba3} 24. Nd3 Bd6 25. Ne5 Bxe5 26. dxe5 Nd7 27. f4 $36 {[%emt 0:00:42][%mdl 2048] White has the initiative.} Rb8 28. Ba3 Qe6 29. Rb2 Rxb2 30. Qxb2 c5 31. Bd3 c4 32. Bxe4 (32. Bc2 {with more complications.} c3 33. Qb5 Qb6 34. Re1) 32... dxe4 {[%emt 0:00:05] Black is weak on the dark squares} (32... c3 $1 $11 {remains equal.} 33. Qc2 dxe4) 33. Rd1 Qb6 ({Weaker is} 33... c3 34. Qb8+ Kg7 35. Rxd7 (35. Qxc7 c2 $18) (35. Qxc7 c2 $18)) 34. Qc3 Qb3 35. Qxb3 cxb3 36. a5 a6 (36... h6 $14) 37. Kh2 $16 Rb7 38. Rd2 ({White should try} 38. Kg3 $16) 38... h6 39. Bb2 {[%emt 0:01:40] [#]} (39. Rd6 $1 $14 {stays ahead.}) 39... Kf8 $1 $17 {[%emt 0:00:22] ...Nc5 would now be deadly.} 40. Rd1 {[%emt 0:02:48] Weighted Error Value: White=0.21 (precise) /Black=0.16 (very precise) .  Mistake:       	White=4     	Black=3      Inaccurate:     	White=4     	Black=5      OK:         	White=11    	Black=7      Best:        	White=1     	Black=3      Strong:       	---       	Black=1} 1/2-1/2

[Event "German Bundesliga 2024-25"]
[Site "Germany"]
[Date "2024.11.30"]
[Round "3.4"]
[White "Gledura, Benjamin"]
[Black "Nisipeanu, Liviu-Dieter"]
[Result "1-0"]
[Annotator "RC"]
[ECO "A18"]
[WhiteElo "2652"]
[BlackElo "2596"]
[PlyCount "45"]
[EventDate "2024.09.27"]
[EventType "team-tourn"]
[EventCountry "GER"]
[SourceTitle "playchess.com"]
[Source "ChessBase"]
[SourceQuality "1"]
[WhiteTeam "Deizisau"]
[BlackTeam "TU Dresden"]
[TimeControl "40/5400+30:1800+30"]

1. c4 Nf6 2. Nc3 e6 3. e4 d5 4. e5 d4 5. exf6 dxc3 6. bxc3 Qxf6 7. Bd3 Bd7 8. Nf3 Bc6 9. Bc2 Nd7 10. d4 h6 11. Rb1 O-O-O 12. Qe2 g5 13. O-O g4 14. Nd2 Rg8 15. Be4 Bxe4 16. Qxe4 c6 17. Qc2 Qf5 18. Qb3 b6 19. c5 Bxc5 20. Nc4 Be7 21. Qa4 Qd5 22. Bf4 e5 23. dxe5 1-0

[Event "German Bundesliga 2024-25"]
[Site "Germany"]
[Date "2024.11.30"]
[Round "3.4"]
[White "Ferreira, Jorge Viterbo"]
[Black "Cheng, Bobby"]
[Result "1/2-1/2"]
[Annotator "TA"]
[ECO "B51"]
[WhiteElo "2523"]
[BlackElo "2594"]
[PlyCount "42"]
[EventDate "2024.09.27"]
[EventType "team-tourn"]
[EventCountry "GER"]
[SourceTitle "playchess.com"]
[Source "ChessBase"]
[SourceQuality "1"]
[WhiteTeam "Heimbach-Weis-Neuwied"]
[BlackTeam "Werder Bremen"]
[TimeControl "40/5400+30:1800+30"]

1. e4 c5 2. Nf3 d6 3. Bb5+ Nd7 4. d4 cxd4 5. Nxd4 Ngf6 6. Bd3 $1 Nc5 7. Nc3 e5 8. Nb3 Nxd3+ 9. Qxd3 h6 {[%emt 0:00:20] Prevents Bg5} 10. Nd2 Be7 11. Nc4 Be6 12. O-O Rc8 13. Ne3 O-O 14. Rd1 Qd7 15. a4 Rc6 16. Bd2 a6 17. Be1 Qc8 18. a5 Bc4 19. Qd2 Be6 20. Qd3 Bc4 $1 21. Qd2 Be6 {[%emt 0:00:02] Weighted Error Value: White=0.08 (flawless) /Black=0.05 (flawless) .  Inaccurate:     	White=1     	Black=1      OK:         	White=6     	Black=6      Best:        	---       	Black=1      Strong:       	---       	Black=1} 1/2-1/2

[Event "German Bundesliga 2024-25"]
[Site "Germany"]
[Date "2024.11.30"]
[Round "3.4"]
[White "Sedlak, Nikola"]
[Black "Kadric, Denis"]
[Result "1/2-1/2"]
[Annotator "ChessBase"]
[ECO "A46"]
[WhiteElo "2444"]
[BlackElo "2562"]
[PlyCount "80"]
[EventDate "2024.09.27"]
[EventType "team-tourn"]
[EventCountry "GER"]
[SourceTitle "playchess.com"]
[Source "ChessBase"]
[SourceQuality "1"]
[WhiteTeam "Deggendorf"]
[BlackTeam "Kirchweyhe"]
[TimeControl "40/5400+30:1800+30"]

1. d4 Nf6 2. Nf3 d6 3. Bf4 Nbd7 4. e3 Nh5 5. Bg5 h6 6. Bh4 g5 7. Nfd2 Ndf6 8. Bg3 Bg7 9. Be2 Nxg3 10. hxg3 O-O 11. Bd3 e5 12. dxe5 Ng4 13. Nf3 dxe5 14. Nc3 c6 15. Ne4 Qe7 16. Nh2 Nxh2 17. Rxh2 Rd8 18. g4 Qb4+ 19. Kf1 Qxb2 20. f3 Be6 21. a3 Bc4 22. Kg1 Bxd3 23. cxd3 Rxd3 24. Qxd3 Qxa1+ 25. Kf2 Qa2+ 26. Kg3 Qd5 27. Qb1 Qb5 28. Qd1 Qb6 29. Qd7 Qxe3 30. Rh1 Rf8 31. Qxb7 f5 32. gxf5 Qf4+ 33. Kf2 Qxf5 34. Qxc6 g4 35. Qc4+ Kh8 36. Qe2 gxf3 37. gxf3 Rb8 38. Qc2 Bf8 39. a4 Rc8 40. Qd2 Rc7 1/2-1/2